 Dungeon Crawl Stone Soup version 0.18.1-47-g9310371 (webtiles) character file.

189 buf2 the Cudgeler (level 6, -2/47 HPs)
             Began as a Human Wanderer on June 15, 2016.
             Slain by Grinder (4 damage)
             ... while paralysed by Grinder
             ... on level 3 of the Dungeon.
             The game lasted 00:10:07 (2673 turns).

buf2 the Cudgeler (Human Wanderer)                  Turns: 2673, Time: 00:10:08

Health: -2/47      AC:  6    Str: 10 (13) XL:     6   Next: 0%
Magic:  6/6        EV:  2    Int: 10 (12) God:
Gold:   104        SH:  0    Dex: 13 (14) Spells: 0 memorised, 5 levels left

rFire  + . .     SeeInvis .     a - +2 mace (drain)
rCold  x . .     Gourm    .     t - +0 ring mail
rNeg   . . .     Faith    .     (no shield)
rPois  .         Spirit   .     (no helmet)
rElec  .         Dismiss  .     (no cloak)
rCorr  .         Reflect  .     (no gloves)
SustAt .         Harm     .     o - +0 pair of boots
MR     .....                    (no amulet)
Stlth  +.........               (no ring)
                                y - ring of fire

@: paralysed, heavily drained, not resistant to hostile enchantments, very
unstealthy
A: no striking features
a: no special abilities


You were on level 3 of the Dungeon.
You were not hungry.

You visited 1 branch of the dungeon, and saw 3 of its levels.

You collected 104 gold pieces.

Inventory:

Hand Weapons
 a - a +2 mace of draining (weapon)
 b - a +0 hunting sling
 h - a cursed +0 short sword
 x - a +2 mace
Missiles
 k - 31 arrows
 p - 14 bolts
 q - 62 stones (quivered)
 s - 4 javelins
Armour
 e - a cursed +0 buckler
 o - a +0 pair of boots (worn)
 t - a +0 ring mail (worn)
Jewellery
 y - a ring of fire (left hand)
Wands
 i - a wand of teleportation (2/9)
Scrolls
 c - a scroll of teleportation
 j - a scroll of random uselessness {unknown}
 m - 2 scrolls of identify
 r - a scroll of recharging {unknown}
 u - a scroll of magic mapping {unknown}
 z - a scroll of remove curse
Potions
 n - a potion of flight
 A - a potion of brilliance {unknown}
Comestibles
 d - 2 bread rations
 f - a slice of pizza
 g - 2 beef jerkies
 l - 2 meat rations
 w - 8 chunks of flesh


   Skills:
 + Level 3.4(1.7) Fighting
 + Level 5.0(3.3) Maces & Flails
 + Level 1.3(0.0) Slings
 + Level 2.6(1.0) Armour
 + Level 2.4(0.8) Dodging
 + Level 1.1(0.0) Stealth
 + Level 1.0(0.0) Evocations


You had 5 spell levels left.
You didn't know any spells.

Dungeon Overview and Level Annotations

Branches:
Dungeon (3/15)

Altars:
Fedhas
Xom

Annotations:
D:3 Grinder


Message History

You writhe in agony.
* * * LOW HITPOINT WARNING * * *
Grinder hits you.
* * * LOW HITPOINT WARNING * * *
You writhe in agony.
* * * LOW HITPOINT WARNING * * *
Drink which item? (? for menu, Esc to quit)
It was a potion of degeneration.
There was something very wrong with that liquid.
You feel weakened.
You feel dopey.
You feel clumsy. Grinder gestures at you.
You suddenly lose the ability to move!
Grinder hits you.
* * * LOW HITPOINT WARNING * * *
You writhe in agony.
* * * LOW HITPOINT WARNING * * *
Grinder hits you but does no damage. x3
Grinder barely misses you. Grinder hits you.
You die...

#..##.# #..#
#.#.#.######### #..#
#.#...........# #..#
#.#.#......>..# #h.#
#..##.#######.######..#
..###.# #.........#
..###.#### #.######.##
.........####.##.....#
#.###.##.....>.5@#####
#.###.........####
#.##..######### #.##.##
#.#..# #.#.## #.#.#
#.#.# #...#


You could see Grinder.

Vanquished Creatures
  Ijyb (D:2)
  Natasha (D:2)
  Terence (D:3)
  6 adders
  A worm (D:2)
  A dart slug (D:3)
  5 giant geckos
  2 giant cockroaches
  9 goblins
  6 hobgoblins
  2 jackals (D:3)
  2 quokkas (D:2)
  A ball python (D:1)
  2 bats (D:2)
  5 giant newts
  5 kobolds
  6 rats
56 creatures vanquished.

Notes
Turn   | Place    | Note
--------------------------------------------------------------
     0 | D:1      | buf2 the Human Wanderer began the quest for the Orb.
     0 | D:1      | buf2 set off with: a +2 mace, a +0 ring mail, a scroll of teleportation, a bread ration
     0 | D:1      | Reached XP level 1. HP: 18/18 MP: 1/1
   172 | D:1      | Reached XP level 2. HP: 19/24 MP: 2/2
   657 | D:2      | Reached XP level 3. HP: 9/29 MP: 3/3
  1038 | D:2      | Found a faded altar to an unknown god.
  1147 | D:2      | Noticed Ijyb
  1152 | D:2      | Reached skill level 1 in Dodging
  1216 | D:2      | HP: 1/29 [Ijyb (3)]
  1220 | D:2      | Killed Ijyb
  1220 | D:2      | Reached XP level 4. HP: 1/35 MP: 4/4
  1757 | D:2      | Noticed Natasha
  1766 | D:2      | Killed Natasha
  1766 | D:2      | Reached XP level 5. HP: 40/41 MP: 5/5
  2358 | D:3      | Noticed Terence
  2382 | D:3      | Killed Terence
  2382 | D:3      | Reached skill level 1 in Slings
  2526 | D:3      | Reached skill level 5 in Maces & Flails
  2537 | D:3      | Found a blossoming altar of Fedhas.
  2575 | D:3      | Found a shimmering altar of Xom.
  2648 | D:3      | Noticed Grinder
  2653 | D:3      | Reached XP level 6. HP: 40/47 MP: 6/6
  2657 | D:3      | Paralysed by Grinder for 5 turns
  2667 | D:3      | Paralysed by Grinder for 7 turns
  2668 | D:3      | HP: 2/47 [Grinder (6)]
  2673 | D:3      | Slain by Grinder

Skill      XL: |  1  2  3  4  5 |
---------------+----------------+-----
Dodging        | 1 2 |  2.4
Armour         | 2 |  2.6
Slings         | 1 |  1.3
Maces & Flails | 5 |  5.0
Fighting       | |  3.4
Stealth        | |  1.1
Evocations     | |  1.0

Action                   |  1- 3 |  4- 6 || total
-------------------------+-------+-------++-------
Melee: Mace              |    83 |    87 ||   170
 Fire: Hunting sling     |       |    24 ||    24
Throw: Stone             |       |    11 ||    11
  Use: Scroll            |     4 |       ||     4
       Potion            |     1 |     1 ||     2
 Stab: Sleeping          |       |     1 ||     1
  Eat: Chunk             |     1 |       ||     1
       Meat ration       |       |     1 ||     1
Armor: Ring mail         |    35 |    38 ||    73
Dodge: Dodged            |    50 |    51 ||   101
